 Dungeon Crawl Stone Soup version 0.29.1-15-g9cfb28693d (webtiles) character file.

Game seed: 9936844484987563672

301 joshua the Covered (level 6, -4/56 HPs)
             Began as a Minotaur Fighter on Mar 23, 2023.
             Slain by an ogre
             ... wielding a +0 giant club
              (13 damage)
             ... on level 4 of the Dungeon.
             The game lasted 00:16:30 (3249 turns).

joshua the Covered (Minotaur Fighter)               Turns: 3249, Time: 00:16:31

Health: -4/56      AC:  8    Str: 23    XL:     6   Next: 14%
Magic:  5/5        EV:  8    Int:  5    God:
Gold:   186        SH:  8    Dex:  9    Spells: 5/5 levels left

rFire   . . .      SeeInvis .   g - +2 hand axe (vamp)
rCold   . . .      Faith    .   h - +0 kite shield
rNeg    . . .      Spirit   .   b - +0 scale mail
rPois   +          Reflect  .   (helmet restricted)
rElec   .          Harm     .   (no cloak)
rCorr   .          Rampage  .   j - +0 pair of gloves
Will    .....                   (no boots)
Stlth   ..........              l - amulet of magic regeneration
HPRegen 0.18/turn               y - ring of poison resistance
MPRegen 0.49/turn               (no ring)

@: no status effects
A: horns 2, retaliatory headbutt
a: no special abilities


You were on level 4 of the Dungeon.
You visited 1 branch of the dungeon, and saw 4 of its levels.

You collected 186 gold pieces.

Inventory:

Hand Weapons
 a - a +0 war axe
 f - a +0 whip
 g - a +2 vampiric hand axe (weapon)
 r - a +0 halberd of holy wrath
 v - a +0 flail of protection
Missiles
 k - 2 throwing nets (quivered)
Armour
 b - a +0 scale mail (worn)
 c - a +0 buckler
 e - a +0 ring mail of poison resistance
 h - a +0 kite shield (worn)
 j - a +0 pair of gloves (worn)
Jewellery
 l - an amulet of magic regeneration (around neck)
 y - a ring of poison resistance (left hand)
Scrolls
 p - a scroll of vulnerability {unknown}
 q - a scroll of poison {unknown}
 w - a scroll of summoning {unknown}
 x - 3 scrolls of teleportation
Potions
 d - 2 potions of might
 i - a potion of cancellation {unknown}
 m - 3 potions of flight {unknown}
 n - 2 potions of degeneration {unknown}
 o - 3 potions of curing
 s - a potion of attraction {unknown}
 t - a potion of brilliance {unknown}
 u - a potion of resistance {unknown}


   Skills:
 * Level 5.4 Fighting
 * Level 4.4 Axes
 * Level 5.4 Armour
 + Level 4.7 Shields


You had 5 spell levels left.
You didn't know any spells.
Your spell library contained the following spells:

 Spells                   Type           Power      Damage    Failure   Level
 Conjure Flame            Conj/Fire      0%         6-21      100%        3
 Ignite Poison            Fire/Tmut/Pois 0%         N/A       100%        3
 Summon Guardian Golem    Hex/Summ       0%         N/A       100%        3
 Sticky Flame             Conj/Fire      0%         2d3       100%        4
 Orb of Destruction       Conj           0%         9d5       100%        7
 Spellforged Servitor     Conj/Summ      0%         N/A       100%        7


Dungeon Overview and Level Annotations

Branches:
Dungeon (4/15)
 Temple: D:4-7

Altars:
Kikubaaqudgha
Trog
Vehumet


Innate Abilities, Weirdness & Mutations

You have a pair of horns on your head.
You reflexively headbutt those who attack you in melee.


Message History

You barely miss the hobgoblin. You block the gnoll's attack.
You block the hobgoblin's attack.
The gnoll hits you from afar with a +0 spear.
You hit the gnoll.
You feel better.
The gnoll is severely wounded.
You barely miss the hobgoblin. The gnoll hits you with a +0 flail.
The hobgoblin hits you. The gnoll hits you but does no damage.
You hit the gnoll.
You feel better.
You kill the gnoll!
You hit the hobgoblin.
You feel better.
You kill the hobgoblin!
The gnoll hits you from afar with a +0 spear!
The gnoll barely misses you. The ogre closely misses you.
You barely miss the ogre.
The gnoll hits you from afar with a +0 spear.
You hit the ogre.
You feel better.
The ogre is lightly wounded.
The ogre hits you with a +0 giant club! The gnoll hits you but does no damage.
You hit the ogre. Your headbutt misses the ogre.
The ogre is lightly wounded.
The ogre hits you with a +0 giant club! You block the gnoll's attack.
You are too injured to fight recklessly!
You are too injured to fight recklessly!
You are too injured to fight recklessly!
You are too injured to fight recklessly!
You are too injured to fight recklessly!
You are too injured to fight recklessly!
You hit the ogre.
You feel better.
Your headbutt misses the ogre.
The ogre is lightly wounded.
The gnoll completely misses you. You block the ogre's attack.
The gnoll barely misses you.
You hit the ogre.
You feel better.
Your headbutt misses the ogre.
The ogre is moderately wounded.
The ogre hits you with a +0 giant club!!
* * * LOW HITPOINT WARNING * * *
The gnoll barely misses you.
You hit the ogre.
You feel better.
Your headbutt misses the ogre.
The ogre is heavily wounded.
The gnoll hits you but does no damage. The ogre hits you with a +0 giant club!
You die...

.#..>.....#......#...#
.#........'......#...#
.'........#......#...#
รท#........#......#...#
.#..#######......#..##
##### #....#'##..#####
#....#...........
#....+...........
#....#.@)######..
......##O## #
.......#ggg
.......#.... ######


You could see an ogre and 3 gnolls.

Vanquished Creatures
  A hound (D:4)
  Jessica (D:3)
  2 orc wizards (D:3)
  9 gnolls
  4 adders (D:2)
  4 dart slugs
  4 orcs (D:3)
  An endoplasm (D:4)
  2 giant cockroaches
  10 hobgoblins
  3 quokkas
  9 ball pythons
  5 bats
  6 frilled lizards
  2 goblins
  5 kobolds
  4 rats
72 creatures vanquished.

Vanquished Creatures (others)
  A human (D:3)
1 creature vanquished.

Grand Total: 73 creatures vanquished

Notes
Turn   | Place    | Note
-------+----------+-------------------------------------------
     0 | D:1      | joshua the Minotaur Fighter began the quest for the Orb.
     0 | D:1      | Reached XP level 1. HP: 19/19 MP: 0/0
   646 | D:1      | Reached XP level 2. HP: 27/27 MP: 1/1
   678 | D:1      | Found a faded altar of an unknown god.
  1362 | D:2      | Reached XP level 3. HP: 27/33 MP: 2/2
  1781 | D:2      | Reached XP level 4. HP: 41/41 MP: 3/3
  2167 | D:3      | Found an ancient bone altar of Kikubaaqudgha.
  2171 | D:3      | Noticed a human
  2172 | D:3      | Killed a human
  2243 | D:3      | Found a radiant altar of Vehumet.
  2243 | D:3      | Noticed Jessica
  2247 | D:3      | Killed Jessica
  2248 | D:3      | Reached XP level 5. HP: 47/47 MP: 4/4
  2349 | D:3      | Found a bloodstained altar of Trog.
  2358 | D:3      | Reached skill level 5 in Fighting
  2358 | D:3      | Reached skill level 5 in Armour
  2980 | D:4      | Reached XP level 6. HP: 51/56 MP: 5/5
  3249 | D:4      | Slain by an ogre

Illustrated notes

Levels and vault maps discovered:
D:1:      dpeg_arrival_yet_another_circle, layout_loops_corners,
          chequers_ecumenical_altar_island, minmay_misc_feat_room
D:2:      layout_loops_ring, minmay_tetromino_l2
D:3:      layout_rooms, tgw_kikubaaqudgha, lemuel_doored_altar, bloody_trog,
          st_stairs_3, uniq_jessica
D:4:      layout_gridville, lemuel_coloured_pillars_altar,
          kennysheep_big_empty_room, chequers_serial_rivers_small_b

Skill      XL: |  1  2  3  4  5 |
---------------+----------------+-----
Fighting       | 4 5 |  5.4
Armour         | 4 5 |  5.4
Axes           | 3 4 |  4.4
Shields        | 4 |  4.7

Action                   |  1- 3 |  4- 6 || total
-------------------------+-------+-------++-------
Melee: War axe           |    12 |       ||    12
       Hand axe          |    64 |    99 ||   163
       Headbutt          |     8 |    12 ||    20
  Use: Scroll            |     2 |     5 ||     7
Armor: Scale mail        |    33 |    41 ||    74
Dodge: Dodged            |    28 |    42 ||    70
Block: Buckler           |     9 |       ||     9
       Kite shield       |    17 |    41 ||    58
